 Dungeon Crawl Stone Soup version 0.22-a0-433-gd2a9cce (webtiles) character file.

57 Kairos the Chopper (level 3, 0/34 HPs)
             Began as a Deep Dwarf Monk on May 28, 2018.
             Slain by a worm (9 damage)
             ... on level 2 of the Dungeon.
             The game lasted 00:01:32 (724 turns).

Kairos the Chopper (Deep Dwarf Monk)                 Turns: 724, Time: 00:01:33

Health: 0/34       AC:  3    Str: 15    XL:     3   Next: 73%
Magic:  2/2        EV: 14    Int: 10    God:
Gold:   63         SH:  0    Dex: 15    Spells: 2/2 levels left

rFire    . . .     SeeInvis .   a - +0 hand axe
rCold    . . .     Gourm    .   (no shield)
rNeg     . . .     Faith    .   b - +1 robe
rPois    .         Spirit   .   (no helmet)
rElec    .         Reflect  .   (no cloak)
rCorr    .         Harm     .   (no gloves)
MR       .....                  (no boots)
Stlth    ++........             (no amulet)
HPRegen  0.00/turn              (no ring)
MPRegen  0.08/turn              (no ring)

@: non-regenerating
A: damage resistance, heal wounds, sense surroundings 1, no regeneration
a: Heal Wounds


You were on level 2 of the Dungeon.
You were not hungry.

You visited 1 branch of the dungeon, and saw 2 of its levels.

You collected 63 gold pieces.

Inventory:

Hand Weapons
 a - a +0 hand axe (weapon)
Armour
 b - a +1 robe (worn)
Jewellery
 d - an uncursed amulet of rage {unknown}
Scrolls
 g - a scroll of identify {unknown}
 l - 3 scrolls of enchant armour
Potions
 e - 2 potions of haste {unknown}
 f - a potion of brilliance {unknown}
 h - a potion of heal wounds {unknown}
 i - a potion of magic {unknown}
 k - 2 potions of curing {unknown}
Comestibles
 c - 3 rations


   Skills:
 + Level 3.1 Fighting
 + Level 4.3 Axes
 + Level 3.7 Dodging
 + Level 2.7 Stealth


You had 2 spell levels left.
You didn't know any spells.
Your spell library was empty.

Dungeon Overview and Level Annotations

Branches:
Dungeon (2/15)

Altars:
Hepliaklqana
Uskayaw


Innate Abilities, Weirdness & Mutations

You are resistant to damage.
You can heal yourself by infusing magical energy.
You passively map a small area around you.
You do not regenerate.


Message History

k - 2 dark potions (gained 1)
Found a hazy altar of Hepliaklqana.
You are too injured to fight recklessly!
You are too injured to fight recklessly!
A worm comes into view.
You are too injured to fight recklessly!
A worm is nearby!
You are too injured to fight recklessly!
You are too injured to fight recklessly!
You are too injured to fight recklessly!
A worm is nearby!
You are too injured to fight recklessly!
A worm is nearby!
You are too injured to fight recklessly!
You hit the worm.
The worm is heavily wounded.
You hit the worm but do no damage.
The worm is heavily wounded.
The worm bites you!
You die...

.. , ####........ ,,
.....,,#.........## , ....
#.........## , , , ,##.##
+..........+ .
##...###.........## ,
..#*##.....##.##.######*
#.,#.?!....#.......#.##.#
*<.#.....#....._.....##.#
##.#.....#*#.w@....####.#
,........#
##.....#####'#######
###.#.....## ##...##
#.......... ..........# ##.##
#....(##### * #...#.##.# #..
#.....#
#..##.##.######.####.^...# ,
#..................'.....#
####...#.....#####<####.....#
, ..##...#.....# , #.##### *


You could see a worm.

Vanquished Creatures
  A gnoll (D:1)
  A worm (D:2)
  2 dart slugs (D:1)
  4 goblins
  7 hobgoblins
  6 jackals (D:1)
  5 kobolds
  5 bats
  2 frilled lizards (D:1)
  4 rats (D:1)
37 creatures vanquished.

Notes
Turn   | Place    | Note
-------+----------+-------------------------------------------
     0 | D:1      | Kairos the Deep Dwarf Monk began the quest for the Orb.
     0 | D:1      | Reached XP level 1. HP: 20/20 MP: 1/1
    65 | D:1      | Reached XP level 2. HP: 13/27 MP: 2/2
   182 | D:1      | Reached XP level 3. HP: 30/34 MP: 2/2
   185 | D:1      | Reached skill level 4 in Axes
   547 | D:2      | Found a hide-covered altar of Uskayaw.
   716 | D:2      | Found a hazy altar of Hepliaklqana.
   724 | D:2      | Slain by a worm

Vault maps used:
D:1:      sevenhm_arrival_forest_fort_large_4
D:2:      marbit_many_paths, lemuel_round_altar, eat_drink_and_be_merry_uskayaw,
          first_ration

Skill      XL: |  1  2  3 |
---------------+----------+-----
Fighting       | 3 |  3.1
Axes           | 4 |  4.3
Dodging        | |  3.7
Stealth        | |  2.7

Action                   || total
-------------------------++-------
Melee: Hand axe          ||   100
 Abil: Heal Wounds       ||     1
  Use: Scroll            ||     3
 Stab: Sleeping          ||     5
Armor: Robe              ||    22
Dodge: Dodged            ||   123

Table legend:
 A = Spawn XP
 B = Non-spawn XP
 C = Spawn XP percentage of total XP
 D = Spawn monster count
 E = Non-spawn monster count
 F = Spawn count percentage of total count
 G = Total turns spent on level
                    A         B        C        D         E        F      G
               +---------+---------+-------+---------+---------+-------+---------
         Total |       0 |      82 |   0.0 |       0 |      37 |   0.0 |   724
               +---------+---------+-------+---------+---------+-------+---------
           D:1 |       0 |      70 |   0.0 |       0 |      31 |   0.0 |   471
           D:2 |       0 |      12 |   0.0 |       0 |       6 |   0.0 |   253
               +---------+---------+-------+---------+---------+-------+---------
